 Dungeon Crawl Stone Soup version 0.21.1-1-g345015f (webtiles) character file.

254 inc the Vexing (level 5, 21/21 HPs)
             Began as a Felid Enchanter on Apr 22, 2018.
             Quit the game on level 5 of the Dungeon.
             The game lasted 00:08:44 (5785 turns).

inc the Vexing (Felid Enchanter)                    Turns: 5785, Time: 00:08:45

Health: 21/21      AC:  2    Str:  9    XL:     5   Next: 91%
Magic:  9/9        EV: 18    Int: 19    God:
Gold:   194        SH:  0    Dex: 16    Spells: 3/8 levels left
                                        Lives:  0   Deaths: 1

rFire    . . .     SeeInvis +     - Unarmed
rCold    . . .     Gourm    .   (shield unavailable)
rNeg     . . .     Faith    .   (armour unavailable)
rPois    .         Spirit   .   (helmet unavailable)
rElec    .         Reflect  .   (cloak unavailable)
rCorr    .         Harm     .   (gloves unavailable)
MR       .....                  (boots unavailable)
Stlth    +++.......             (no amulet)
HPRegen  0.07/turn              e - +5 ring of strength
MPRegen  0.11/turn              (no ring)

@: quick
A: very small, no armour, no weapons or thrown items, stealth, claws 1, fangs 3,
see invisible, carnivore, speed 1, shaggy fur 2, slow metabolism 1, sharp paws
a: no special abilities


You were on level 5 of the Dungeon.
You were not hungry.

You visited 2 branches of the dungeon, and saw 6 of its levels.

You collected 194 gold pieces.

Inventory:

Jewellery
 e - a +5 ring of strength (left paw)
 h - an uncursed ring of teleportation
Scrolls
 g - 4 scrolls of amnesia
 j - 3 scrolls of enchant armour
Potions
 c - a potion of degeneration {unknown}
 d - a potion of cancellation
 f - a potion of might {unknown}
 i - 2 potions of flight
 k - 2 potions of brilliance
Books
 a - a book of Maledictions

   Spells                             Type                      Level
   a - Corona                         Hexes                        1
   b - Ensorcelled Hibernation        Hexes/Ice                    2
   c - Confuse                        Hexes                        3
   d - Tukima's Dance                 Hexes                        3
   e - Dazzling Spray                 Conjuration/Hexes            3
Comestibles
 b - 10 rations


   Skills:
 - Level 2.6 Dodging
 - Level 4.0 Stealth
 - Level 4.5 Unarmed Combat
 - Level 2.0 Spellcasting
 + Level 7.7 Hexes
 - Level 2.9 Ice Magic


You had 3 spell levels left.
You knew the following spells:

 Your Spells              Type           Power        Failure   Level  Hunger
b - Ensorcelled Hibernat  Hex/Ice        ###...       2%          2    ###....
c - Confuse               Hex            ####....     1%          3    ###....


Dungeon Overview and Level Annotations

Branches:
Dungeon (5/15)             Temple (1/1) D:5

Altars:
Cheibriados
Elyvilon
Fedhas
Gozag
Hepliaklqana
Kikubaaqudgha
Makhleb
Nemelex Xobeh
Okawaru
Ru
Trog
Vehumet
Wu Jian
Zin
The Shining One

Shops:
D:5 :

Annotations:
D:3 Natasha


Innate Abilities, Weirdness & Mutations

You cannot wear armour.
You are incapable of wielding weapons or throwing items.
Your paws allow you to move quietly. (Stealth)
You have sharp claws.
You have razor-sharp teeth.
You have supernaturally acute eyesight. (SInv)
You are carnivorous and can eat meat at any time.
You cover ground quickly.
You are covered in thick fur. (AC +2)
You have a slow metabolism.
Your sharp claws are effective at attacking unaware monsters.


Message History

There is a lethal amount of poison in your body!
* * * LOW HITPOINT WARNING * * *
You feel sick.
* * * LOW HITPOINT WARNING * * *
You feel sick.
* * * LOW HITPOINT WARNING * * *
You feel sick.
* * * LOW HITPOINT WARNING * * *
You feel sick.
* * * LOW HITPOINT WARNING * * *
You feel sick.
* * * LOW HITPOINT WARNING * * *
You feel sick.
* * * LOW HITPOINT WARNING * * *
You feel sick.
You die...
You feel sick.
You are now level 5!
You rejoin the land of the living...
Are you sure you want to abandon this character and quit the game? (Confirm with "yes".)

###.....∩.#####
#.##### ###..##.#
######### #..####
#..##.###.......#
#.....#
#..##.....#####.#
#####)#
#.......#.#
#.#########.#
#.#####...#
#...........# #.#
###.#
#.#########.# #.#
#.#####.# ###.#
###.### #.@.....#
#.... #.....#
####.#### #....
#####.....# #.#
#.... #.........#
#.# #....
#.###.....# #.#
#.... #.# #.....#
#.# ##### #.#
####### #.# #.#
#.# ###### #.#
#.#### ###.....


There were no monsters in sight!

Vanquished Creatures
  A howler monkey (D:3)
  A bullfrog zombie (D:5)
  A hound (D:4)
  A jelly (D:5)
  An orc priest (D:5)
  An orc wizard (D:5)
  Natasha (D:3)
  An iguana (D:4)
  2 worker ants (D:5)
  4 adders
  8 gnolls
  An ooze (D:1)
  An adder skeleton (D:4)
  A worm (D:3)
  A dart slug (D:1)
  4 leopard geckos
  7 orcs
  A ball python (D:2)
  7 giant cockroaches
  5 goblins
  4 hobgoblins
  13 jackals
  3 kobolds
  A quokka (D:3)
  4 bats
  4 frilled lizards
  A leopard gecko skeleton (D:4)
  2 rats (D:1)
82 creatures vanquished.

Notes
Turn   | Place    | Note
-------+----------+-------------------------------------------
     0 | D:1      | inc the Felid Enchanter began the quest for the Orb.
     0 | D:1      | Reached XP level 1. HP: 7/7 MP: 4/4
   297 | D:2      | Reached XP level 2. HP: 4/11 MP: 4/6
   350 | D:1      | Learned a level 2 spell: Ensorcelled Hibernation
   827 | D:1      | Reached XP level 3. HP: 10/14 MP: 4/7
  2088 | D:3      | Reached XP level 4. HP: 11/18 MP: 1/8
  2446 | D:2      | Found a glowing silver altar of Zin.
  2447 | D:2      | Noticed an angel
  2551 | D:2      | Found a sparkling altar of Nemelex Xobeh.
  2697 | D:2      | Found a sacrificial altar of Ru.
  2731 | D:3      | Reached skill level 1 in Ice Magic
  2791 | D:3      | Reached XP level 5. HP: 13/21 MP: 4/9
  3294 | D:3      | Noticed Natasha
  3299 | D:3      | Killed Natasha
  3578 | D:3      | Noticed Natasha
  3647 | D:4      | Learned a level 3 spell: Confuse
  3795 | D:4      | Reached skill level 5 in Hexes
  4020 | D:4      | Found a glowing golden altar of the Shining One.
  4049 | D:4      | Gained mutation: You are covered in thick fur. (AC +2) [Felid growth]
  4049 | D:4      | Reached XP level 6. HP: 8/24 MP: 7/10
  4801 | D:4      | Found an ancient bone altar of Kikubaaqudgha.
  5011 | D:5      | Entered Level 5 of the Dungeon
  5054 | D:5      | Found Juovvebb's Book Shoppe.
  5093 | D:5      | Reached skill level 6 in Hexes
  5108 | D:5      | Reached skill level 7 in Hexes
  5309 | D:5      | Found a staircase to the Ecumenical Temple.
  5324 | Temple   | Entered the Ecumenical Temple
  5779 | D:5      | HP: 1/24 [poisoned by a worker ant]
  5781 | D:5      | Succumbed to a worker ant's poison
  5782 | D:5      | Reached XP level 5. HP: 0/21 MP: 9/9
  5785 | D:5      | Quit the game

Skill      XL: |  1  2  3  4  5  6 |
---------------+-------------------+-----
Unarmed Combat | 2 3 4 |  4.5
Ice Magic      | 1 2 |  2.9
Hexes          | 5 7 |  7.7
Dodging        | |  2.6
Stealth        | |  4.0
Spellcasting   | |  2.0

Action                   |  1- 3 |  4- 6 || total
-------------------------+-------+-------++-------
Melee: Unarmed           |    90 |   134 ||   224
       Bite              |     4 |    10 ||    14
       Punch             |     2 |     1 ||     3
 Cast: Corona            |     1 |       ||     1
       Ensorcelled Hiber |    14 |    38 ||    52
       Confuse           |       |     1 ||     1
  Use: Scroll            |       |     9 ||     9
 Stab: Sleeping          |    16 |    27 ||    43
       Confused          |       |     1 ||     1
  Eat: Chunk             |     2 |    10 ||    12
Armor: Skin              |     2 |     6 ||     8
Dodge: Dodged            |    55 |   100 ||   155
